 Dungeon Crawl Stone Soup version 0.21.1-1-g345015fe64 (webtiles) character file.

375 Auri666 the Chopper (level 6, -1/61 HPs)
             Began as a Troll Berserker on June 24, 2018.
             Was a Believer of Trog.
             Killed from afar by Dowan (9 damage)
             ... with a stone arrow
             ... on level 4 of the Dungeon.
             The game lasted 00:14:13 (3000 turns).

Auri666 the Chopper (Troll Berserker)               Turns: 3000, Time: 00:14:13

Health: -1/61      AC:  5    Str: 28    XL:     6   Next: 44%
Magic:  5/5        EV: 11    Int:  3    God:    Trog [**....]
Gold:   161        SH:  0    Dex:  9    Spells: 5/5 levels left

rFire    . . .     SeeInvis .   a - +0 hand axe
rCold    . . .     Gourm    +   (no shield)
rNeg     . . .     Faith    .   b - +0 animal skin
rPois    +         Spirit   .   (helmet restricted)
rElec    .         Reflect  .   (no cloak)
rCorr    .         Harm     .   (gloves unavailable)
MR       .....                  (boots unavailable)
Stlth    ++........             (no amulet)
HPRegen  0.60/turn              d - ring of poison resistance
MPRegen  0.09/turn              v - ring of stealth

@: no status effects
A: large, unfitting armour, claws 3, fast metabolism 3, gourmand, regeneration
1, shaggy fur 1, tough skin 2
a: Berserk, Trog's Hand, Burn Spellbooks, Renounce Religion


You were on level 4 of the Dungeon.
You worshipped Trog.
Trog was pleased with you.
You were full.

You visited 1 branch of the dungeon, and saw 4 of its levels.

You collected 161 gold pieces.

Inventory:

Hand Weapons
 a - a +0 hand axe (weapon)
Armour
 b - a +0 animal skin (worn)
Jewellery
 d - a ring of poison resistance (left claw)
 v - a ring of stealth (right claw)
Scrolls
 e - 2 scrolls of noise {unknown}
 f - 3 scrolls of identify {unknown}
 k - a scroll of amnesia {unknown}
 s - a scroll of enchant armour {unknown}
 t - a scroll of blinking {unknown}
 u - a scroll of random uselessness {unknown}
 w - a scroll of teleportation {unknown}
Potions
 g - a potion of flight {unknown}
 h - a potion of might {unknown}
 i - 2 potions of lignification {unknown}
 j - a potion of degeneration {unknown}
 l - a potion of haste {unknown}
 m - 2 potions of cancellation {unknown}
 n - 2 potions of brilliance {unknown}
 o - 2 potions of curing {unknown}
 p - 2 potions of heal wounds {unknown}
 q - a potion of mutation {unknown}
Comestibles
 c - 5 rations


   Skills:
 + Level 3.5 Fighting
 + Level 4.6 Axes
 + Level 3.5 Dodging
 + Level 0.5 Stealth


You had 5 spell levels left.
You didn't know any spells.

Dungeon Overview and Level Annotations

Branches:
Dungeon (4/15)
 Temple: D:4-7

Altars:
Cheibriados
Uskayaw

Annotations:
D:4 Dowan


Innate Abilities, Weirdness & Mutations

You are too large for most types of armour.
You have claws for hands.
Your metabolism is lightning-fast.
You like to eat raw meat.
Your natural rate of healing is unusually fast.
You are covered in fur. (AC +1)
You have very tough skin. (AC +2)


Message History

Dowan mumbles some strange words.
Dowan blinks!
You hit Duvessa but do no damage.
Duvessa is severely wounded.
Duvessa closely misses you. Dowan casts a spell at you.
You resist with some effort. Duvessa barely misses you.
You slash Duvessa!
Duvessa is almost dead.
Duvessa hits you with a rapier!
* * * LOW HITPOINT WARNING * * *
You slash Duvessa!
You kill Duvessa!
Trog accepts your kill.
Dowan seems overcome with grief, but rights himself reflexively soon after.
Dowan seems to find hidden reserves of power!
You hit Dowan. Dowan barely misses you. Dowan casts a spell at you.
The stone arrow hits you!
You die...

........# ##
.....?..# #
........#
........##
.........## #
..........## #
?..........### ##
............)####
##.
..........###@e.###
#####.. ####.....##
###...######......
##....#
###.............
#...##
###...........
#...#
####.......... ...#
###.............
...
#...............
#...............
#...............


You could see Dowan.

Vanquished Creatures
  Edmund (D:4)
  Duvessa (D:4)
  Robin (D:3)
  4 adders
  3 oozes (D:2)
  2 worms
  5 leopard geckos
  6 orcs
  9 bats
  A giant cockroach (D:3)
  16 goblins
  11 hobgoblins
  3 quokkas
  3 frilled lizards
  8 kobolds
  5 rats
79 creatures vanquished.

Notes
Turn   | Place    | Note
-------+----------+-------------------------------------------
     0 | D:1      | Auri666 the Troll Berserker began the quest for the Orb.
     0 | D:1      | Reached XP level 1. HP: 22/22 MP: 0/0
   261 | D:1      | Reached XP level 2. HP: 28/29 MP: 1/1
   874 | D:2      | Reached XP level 3. HP: 35/36 MP: 2/2
  1007 | D:2      | Reached skill level 3 in Axes
  1178 | D:2      | Reached ** piety under Trog
  1294 | D:2      | Found a hide-covered altar of Uskayaw.
  1294 | D:2      | Found a snail-covered altar of Cheibriados.
  1686 | D:3      | Reached XP level 4. HP: 36/44 MP: 3/3
  1990 | D:3      | Noticed Robin
  2116 | D:3      | Killed Robin
  2144 | D:3      | Reached XP level 5. HP: 39/53 MP: 4/4
  2420 | D:4      | Noticed Edmund
  2457 | D:4      | Killed Edmund
  2457 | D:4      | Reached skill level 4 in Axes
  2457 | D:4      | Reached XP level 6. HP: 44/61 MP: 5/5
  2977 | D:4      | Noticed Dowan
  2978 | D:4      | Noticed Duvessa
  3000 | D:4      | Killed Duvessa
  3000 | D:4      | Killed from afar by Dowan

Skill      XL: |  1  2  3  4  5 |
---------------+----------------+-----
Axes           | 3 4 |  4.6
Dodging        | 3 |  3.5
Fighting       | 3 |  3.5
Stealth        | |  0.5

Action                   |  1- 3 |  4- 6 || total
-------------------------+-------+-------++-------
Melee: Hand axe          |   140 |   166 ||   306
Invok: Berserk           |       |     1 ||     1
 Stab: Sleeping          |     1 |       ||     1
  Eat: Chunk             |     8 |    17 ||    25
       Ration            |     2 |       ||     2
Armor: Animal skin       |    46 |    57 ||   103
Dodge: Dodged            |    87 |    95 ||   182
